 Dungeon Crawl Stone Soup version 0.22-a0-377-g846bec1 (webtiles) character file.

149 QuadroCubed the Poker (level 5, -11/41 HPs)
             Began as a Merfolk Gladiator on Apr 27, 2018.
             Splashed by Ijyb's acid (12 damage)
             ... on level 3 of the Dungeon.
             The game lasted 00:07:36 (2443 turns).

QuadroCubed the Poker (Merfolk Gladiator)           Turns: 2443, Time: 00:07:37

Health: -11/41     AC:  1    Str: 15    XL:     5   Next: 31%
Magic:  5/5        EV: 14    Int:  8    God:
Gold:   57         SH:  0    Dex: 15    Spells: 4/4 levels left

rFire    . . .     SeeInvis .   a - +0 trident
rCold    . . .     Gourm    .   (no shield)
rNeg     . . .     Faith    .   b - +0 leather armour
rPois    .         Spirit   .   c - +0 helmet
rElec    .         Reflect  .   (no cloak)
rCorr    .         Harm     .   l - +0 pair of gloves
MR       .....                  (no boots)
Stlth    +.........             (no amulet)
HPRegen  0.13/turn              (no ring)
MPRegen  0.09/turn              (no ring)

@: corroded
A: change form in water, swift swim, stealthy swim
a: no special abilities


You were on level 3 of the Dungeon.
You were not hungry.

You visited 1 branch of the dungeon, and saw 3 of its levels.

You collected 57 gold pieces.

Inventory:

Hand Weapons
 a - a +0 trident (weapon)
Missiles
 d - 3 throwing nets (quivered)
Armour
 b - a +0 leather armour (worn)
 c - a +0 helmet (worn)
 l - a +0 pair of gloves (worn)
Scrolls
 e - a scroll of remove curse {unknown}
 g - a scroll of teleportation
 h - 2 scrolls of random uselessness {unknown}
Potions
 i - a potion of heal wounds
Comestibles
 f - 2 rations


   Skills:
 + Level 3.1 Fighting
 + Level 6.6 Polearms
 + Level 2.0 Throwing
 + Level 1.1 Armour
 + Level 4.8 Dodging
 + Level 0.4 Stealth


You had 4 spell levels left.
You didn't know any spells.

Dungeon Overview and Level Annotations

Branches:
Dungeon (3/15)

Altars:
Yredelemnul
Zin

Annotations:
D:3 Ijyb


Message History

You hear the sound of rushing water.
There is an entrance to a sewer on this level.
Hurry and find it before the portal rusts away!
Level annotation: Ijyb A kobold comes into view.
It is wielding a dagger.
There is a stone staircase leading up here.
Ijyb zaps a wand.
The bolt of acid misses you.
It is a wand of acid (7).
Attack whom?
Press: ? - help, Dir - move target cursor, f - Ijyb
Aim: Ijyb, wielding a dagger, wearing a scale mail and carrying a wand of acid (7)
You reach to attack!
You puncture Ijyb!
Ijyb is moderately wounded.
Ijyb zaps a wand.
The bolt of acid hits you!
You are splashed with acid!
The acid burns!
You are too injured to fight recklessly!
You are too injured to fight recklessly!
You are too injured to fight recklessly!
Ijyb zaps a wand.
The bolt of acid hits you!
* * * LOW HITPOINT WARNING * * *
The acid corrodes you!
You are splashed with acid!
The acid burns!
You die...

#########
........#
#<# #g#
#@# #.#
#.##.####
#<.....K.
####.####
#


You could see Ijyb.

Vanquished Creatures
  Jessica (D:2)
  Natasha (thrice) (D:1)
  An adder (D:2)
  An ooze (D:1)
  A dart slug (D:1)
  7 bats
  A giant cockroach (D:2)
  6 hobgoblins (D:1)
  3 jackals (D:2)
  5 frilled lizards (D:1)
  4 goblins (D:1)
  2 kobolds
  4 rats (D:1)
39 creatures vanquished.

Notes
Turn   | Place    | Note
-------+----------+-------------------------------------------
     0 | D:1      | QuadroCubed the Merfolk Gladiator began the quest for the Orb.
     0 | D:1      | Reached XP level 1. HP: 16/16 MP: 1/1
    99 | D:1      | Reached XP level 2. HP: 11/23 MP: 2/2
   613 | D:1      | Reached skill level 5 in Polearms
   690 | D:1      | Reached XP level 3. HP: 28/28 MP: 3/3
  1105 | D:2      | Noticed Jessica
  1172 | D:2      | Killed Jessica
  1172 | D:2      | Reached XP level 4. HP: 16/34 MP: 4/4
  1401 | D:2      | Noticed Natasha
  1422 | D:1      | Killed Natasha
  1422 | D:1      | Reached skill level 6 in Polearms
  1716 | D:1      | Noticed Natasha
  1726 | D:1      | Killed Natasha
  1881 | D:1      | Noticed Natasha
  1892 | D:1      | Killed Natasha
  1892 | D:1      | Reached XP level 5. HP: 10/41 MP: 5/5
  2154 | D:2      | Reached skill level 1 in Armour
  2164 | D:2      | Found a basalt altar of Yredelemnul.
  2297 | D:2      | Found a glowing silver altar of Zin.
  2417 | D:3      | Noticed Ijyb
  2443 | D:3      | HP: 1/41 [Ijyb/wand of acid (6) (15)]
  2443 | D:3      | Splashed by Ijyb's acid

Vault maps used:
D:1:      minmay_arrival_nine_rooms, nrook_mini_vaults,
          hangedman_decor_clover_reticule
D:2:      yredelemnul_altar_generic, zin_treasury, first_ration, uniq_natasha,
          uniq_jessica
D:3:      gup_sewer_entry_spiral, uniq_ijyb

Skill      XL: |  1  2  3  4  5 |
---------------+----------------+-----
Polearms       | 5 6 |  6.6
Fighting       | 3 |  3.1
Armour         | 1 |  1.1
Throwing       | |  2.0
Dodging        | |  4.8
Stealth        | |  0.4

Action                   |  1- 3 |  4- 6 || total
-------------------------+-------+-------++-------
Melee: Trident           |   100 |    51 ||   151
  Use: Scroll            |     2 |     1 ||     3
       Potion            |     2 |     1 ||     3
 Stab: Sleeping          |     1 |       ||     1
  Eat: Ration            |       |     2 ||     2
Armor: Leather armour    |    26 |     7 ||    33
Dodge: Dodged            |    78 |    34 ||   112

Table legend:
 A = Spawn XP
 B = Non-spawn XP
 C = Spawn XP percentage of total XP
 D = Spawn monster count
 E = Non-spawn monster count
 F = Spawn count percentage of total count
 G = Total turns spent on level
                    A         B        C        D         E        F      G
               +---------+---------+-------+---------+---------+-------+---------
         Total |       0 |     213 |   0.0 |       0 |      39 |   0.0 |  2443
               +---------+---------+-------+---------+---------+-------+---------
           D:1 |       0 |     151 |   0.0 |       0 |      31 |   0.0 |  1841
           D:2 |       0 |      62 |   0.0 |       0 |       8 |   0.0 |   588
               +---------+---------+-------+---------+---------+-------+---------
